Unix NetHack Version 5.0.0-0 post-release - last build Jul 19 2026 19:10:59 (3aa4ab31751d3886436d94b585a96704892fd477,branch:main).

Game began 2026-07-23 11:14:06, ended 2026-07-23 14:21:48.

Eymerich, chaotic male elven Priest

          ------      #######################################
          |.....#######    ---------------------------------#
          |..^>|           ...............@q...............|#
          |.....#####    # |. -----..--+----.-----....----.|#    ------------
          ------    ###### |. |   |..|     +.|...|.---|..|.|#    |.....<....|
                      #####...|   |..|     |.-._.|.|..|..|.|#    |..........|
                     ###   |..|   |.--  ----.|...|.|..|%--.|#####|..........|
                     #     |. ---+-.|   +....|...|.|..|%...|#####...........|
                   ###     |........|   |....|----.--|-..{.| #   ------------
                   #       |.-----..-----.-|-|..-...........##
                   #       |.|   |........|..|..|..--|-....|
       -----------##       |.|   +....-+--|..|----.|..|-|-.|
       |..........#####    |.-----.----   ---|)?.-.|..| .|.|
       |.........|    #    |.......|         |(..|.----..|.|
       |.........     #    |.......+         |]!.|...  ..|.|
       ----------     #####-.{.....-         -----....----.|
                           |..................... .....   .|
                           ----------------------------- ---

Eymerich the Adept           St:12 Dx:14 Co:15 In:11 Wi:18 Ch:11  Chaotic
Dlvl:8  $:157 HP:0(48) Pw:108(113) AC:9  Xp:7 T:6350  Satiated

Latest messages:
 You see here a potion of water (for sale, 5 zorkmids).
 That scroll of remove curse is a small mimic!
 You hit the small mimic!
 You hit the small mimic!
 You hit the small mimic!
 You hit the small mimic!
 The small mimic hits!
 You kill the small mimic!
 You see here a scroll of enchant armor (for sale, 80 zorkmids).
 You see here a looking glass (for sale, 10 zorkmids).
 You see here a slime mold (for sale, 17 zorkmids).
 You see here a slime mold (for sale, 17 zorkmids).
 "For you, good hir; only 17 zorkmids for this slime mold."
 x - a slime mold (unpaid, 17 zorkmids).
 You bought a slime mold for 17 gold pieces.
 "Thank you for shopping in Bordeyri's general store!"
 You see here a scroll of enchant armor (for sale, 80 zorkmids).
 What do you want to drop? [$a-uw-yADFH-JLMO-Y or ?*]
 You drop a pair of iron shoes.
 Bordeyri offers 8 gold pieces for your pair of iron shoes.  Sell it? [ynaq] (n)
 r - a pair of iron shoes.
 What do you want to drop? [$a-uw-yADFH-JLMO-Y or ?*]
 You drop a pair of iron shoes.
 Bordeyri offers 8 gold pieces for your pair of iron shoes.  Sell it? [ynaq] (n)
 You sold a pair of iron shoes for 8 gold pieces.
 What do you want to drop? [$a-qs-uw-yADFH-JLMO-Y or ?*]
 You drop a cursed dwarvish cloak.
 Bordeyri offers 25 gold pieces for your dwarvish cloak.  Sell it? [ynaq] (n)
 You sold a cursed dwarvish cloak for 25 gold pieces.
 What do you want to drop? [$a-qstw-yADFH-JLMO-Y or ?*]
 You drop a cursed dagger.
 Bordeyri offers 2 gold pieces for your dagger.  Sell it? [ynaq] (n)
 You sold a cursed dagger for 2 gold pieces.
 You see here a scroll of enchant armor (for sale, 80 zorkmids).
 You do not owe Bordeyri anything.
 Pick a monster, object or location.
 The leocrotta hits!
 The leocrotta bites!
 The leocrotta hits!
 In what direction?
 You feel better.
 The leocrotta hits!
 The leocrotta bites!
 The leocrotta hits!
 You die...
 Do you want your possessions identified? [ynq] (y)
 Do you want to see your attributes? [ynq] (y)
 Do you want an account of creatures vanquished? [ynaq] (y)
 Do you want to see your conduct and achievements? [ynq] (y)
 Do you want to see the dungeon overview? [ynq] (y)

Inventory:
 Coins    ('$')
  $ - 157 gold pieces
 Weapons  (')')
  F - 2 +0 arrows
  O - 4 +0 orcish arrows (in quiver)
  J - a +0 bow (alternate weapon; not wielded)
  g - a +0 sling
  H - 62 +0 darts
  D - a blessed +1 dagger
  V - a rustproof +0 dagger
  y - 5 +0 daggers
  A - a blessed +1 orcish dagger
  a - a blessed +3 mace (weapon in left hand)
 Armor    ('[')
  p - a +0 pair of levitation boots
  s - a +0 pair of water walking boots (being worn)
  o - a +0 dwarvish cloak (being worn)
  b - a +0 robe
 Comestibles  ('%')
  x - a slime mold
  e - 3 cloves of garlic
  t - 2 food rations
  m - 2 fortune cookies
  f - a sprig of wolfsbane
 Scrolls  ('?')
  L - a scroll of blank paper
  T - a scroll of enchant armor
  X - a blessed scroll of genocide
  W - a scroll of gold detection
 Potions  ('!')
  l - 2 potions of extra healing
  P - 3 potions of healing
  d - a potion of holy water
 Rings    ('=')
  I - a ring of fire resistance
  Q - a ring of stealth
 Tools    ('(')
  U - a brass lantern
  j - a skeleton key
  q - a skeleton key
  i - a tallow candle
  S - a partly used tallow candle
 Gems/Stones  ('*')
  M - an obsidian stone named soft
  R - a worthless piece of blue glass named soft
  h - a worthless piece of red glass named soft
  Y - a worthless piece of yellowish brown glass named soft
  c - 4 flint stones
  n - a luckstone
  w - 9 rocks

Eymerich the Priest's attributes:

Background:
 You were an Adept, a level 7 elven Priest.
 You were chaotic, on a mission for Huhetotl
 who was opposed by Quetzalcoatl (lawful) and Camaxtli (neutral).
 You were left-handed.
 You were in the Gnomish Mines, on level 8.
 You entered the dungeon 6350 turns ago.
 You had 842 experience points, 438 more were needed to attain level 8.

Basics:
 You had 0 out of 48 hit points.
 You had 108 out of 113 energy points (spell power).
 Your armor class was 9.
 Your wallet contained 157 zorkmids.
 Autopickup was off.

Final Characteristics:
 Your strength was 12 (limit:18).
 Your dexterity was 14 (limit:18).
 Your constitution was 15 (peak:16, limit:16).
 Your intelligence was 11 (limit:20).
 Your wisdom was 18 (limit:20).
 Your charisma was 11 (limit:18).

Final Status:
 You were satiated.
 You were unencumbered.
 You were wielding a mace.
 You were skilled in mace.

Final Attributes:
 You were piously aligned.
 Your items were somewhat protected from fire.
 Your items were somewhat protected from cold.
 You were sleep resistant.
 You had infravision.
 You could walk on water.
 You were warded.
 You were lucky.
 You had extra luck.
 Bad luck did not time out for you.
 Good luck did not time out for you.
 You are dead.

Miscellaneous:
 You didn't encounter any bones levels.
 Total elapsed playing time was 1 hour, 59 minutes and 53 seconds.

Major events:
 Turn
    1: Eymerich the chaotic elven Priest entered the dungeon
  554: attained the rank of Acolyte (level 3)
 2517: entered the Gnomish Mines
 3194: attained the rank of Adept (level 6)
 6018: reached Mine Town
 6350: killed by a chameleon imitating a leocrotta

Spells:
 Name                 Level Category     Fail Retention
 healing                1   healing        0%   51%-75%
 clairvoyance           3   divination    82%   51%-75%

Skills:
 Fighting Skills
   bare handed combat [Unskilled]
 Weapon Skills
   club               [Unskilled]
   mace               [Skilled]
   morning star       [Unskilled]
   flail              [Unskilled]
   hammer             [Unskilled]
   quarterstaff       [Unskilled]
   polearms           [Unskilled]
   spear              [Unskilled]
   trident            [Unskilled]
   lance              [Unskilled]
   bow                [Unskilled]
   sling              [Unskilled]
   crossbow           [Unskilled]
   dart               [Unskilled]
   shuriken           [Unskilled]
   boomerang          [Unskilled]
   unicorn horn       [Unskilled]
 Spellcasting Skills
   healing spells     [Unskilled]
   divination spells  [Unskilled]
   clerical spells    [Basic]

Voluntary challenges:
 Character rerolling was not enabled.
 You never genocided any monsters.
 You never polymorphed an object.
 You never changed form.
 You used no wishes.
Achievements:
 You entered a shop.
 You attained the rank of Acolyte.
 You entered the Gnomish Mines.
 You attained the rank of Adept.
 You entered a temple.
 You entered Minetown.

 The Dungeons of Doom: levels 1 to 4
    Level 1:
       An altar, a fountain, a grave.
    Level 2:
       A potion shop, some fountains, a grave.
    Level 3:
       A general store.
    Level 4: "chest 8 items"
       A general store, a fountain.
       Stairs down to The Gnomish Mines.
 The Gnomish Mines: levels 5 to 8
    Level 5:
    Level 6:
    Level 7:
    Level 8: <- You were here.
       A general store, a temple and an altar, some fountains.
       Final resting place for
          you, killed by a chameleon imitating a leocrotta.


Vanquished creatures:
  a baby purple worm
  2 small mimics
  2 leprechauns
  a chickatrice
  a human zombie
 an imp
  a yellow light
  2 shriekers
  3 gnome leaders
  3 gnomish wizards
  3 paper golems
  4 giant ants
  a little dog
  a floating eye
  a kitten
  6 dwarves
  a kobold leader
  a rothe
  2 giant bats
  5 dwarf zombies
 an iguana
  3 acid blobs
  2 coyotes
  3 hobbits
  2 large kobolds
  2 hobgoblins
  3 giant rats
  3 cave spiders
  2 yellow molds
  a red mold
 18 gnomes
  9 garter snakes
  a gnome zombie
  4 geckos
 19 jackals
  a kobold
  3 goblins
  3 sewer rats
  3 grid bugs
  a bat
  3 lichens
  3 kobold zombies
  7 newts
139 creatures vanquished.

No species were genocided or became extinct.

Game over:
                       ----------
                      /          \
                     /    REST    \
                    /      IN      \
                   /     PEACE      \
                  /                  \
                  |     Eymerich     |
                  |      157 Au      |
                  |   killed by a    |
                  |    chameleon     |
                  |   imitating a    |
                  |    leocrotta     |
                  |       2026       |
                 *|     *  *  *      | *
        _________)/\\_//(\/(/\)/\//\/|_)_______

Goodbye Eymerich the Priest...

You died in The Gnomish Mines on dungeon level 8 with 4106 points,
and 157 pieces of gold, after 6350 moves.
You were level 7 with a maximum of 48 hit points when you died.

